Map: [ESL] Site Delta

Players

HeroMarine

  • Race: Terran Terran
  • Spawn Location: 11:00

Elazer - Winner!

  • Race: Zerg Zerg
  • Spawn Location: 5:00

Event: ESL SC2 Masters 2023 Winter (Regional)

VOD

Have the link to the VOD?

Description

Time

  • Played on: Nov. 16, 2023, 11:32 a.m.
  • Length: 24:24

All games in this series

Show
View Real Time Build Order
Export as new Build Order

HeroMarine Terran 

Build Orders: Liberator Opening, Reaper Expand 

Get SALT Encoding   

  12  0:00  SCV  
  13  0:12  SCV  
  14  0:17  Supply Depot  
  14  0:24  SCV  
  15  0:39  SCV  
  15  0:40  Barracks  
  16  0:43  Refinery  
  16  0:51  SCV  
  17  1:03  SCV  
  18  1:15  SCV  
  19  1:27  Orbital Command, Reaper  
  20  1:38  Command Center  
  20  1:47  Supply Depot  
  20  1:53  SCV  
  21  1:58  Marine  
  22  2:05  SCV  
  23  2:10  Factory  
  23  2:17  SCV  
  23  2:21  Barracks Reactor  
  24  2:29  SCV  
  25  2:40  Command Center  
  25  2:41  SCV  
  26  2:51  Orbital Command  
  26  2:53  SCV  
  27  3:03  Hellion x2  
  27  3:04  Starport  
  31  3:06  SCV  
  31  3:10  Refinery  
  32  3:17  SCV  
  32  3:18  SCV  
  34  3:24  Hellion x2, Marine  
  39  3:30  SCV x2  
  41  3:41  Liberator  
  41  3:42  SCV x2  
  46  3:52  Orbital Command, Hellion x2  
  46  3:54  SCV x2  
  52  3:58  Barracks Tech Lab  
  52  4:03  Supply Depot  
  52  4:06  SCV x2  
  54  4:14  Hellion x2  
  58  4:18  SCV x3  
  58  4:21  Stimpack  
  61  4:24  Marine  
  61  4:25  Supply Depot  
  61  4:29  Starport Reactor  
  61  4:30  SCV x2  
  61  4:31  SCV  
  65  4:35  Hellion x2  
  69  4:46  Marine  
  69  4:47  Barracks, SCV x3  
  69  4:49  Barracks, Supply Depot  
  73  4:53  Refinery x2  
  73  4:59  SCV x3  
  76  5:04  Marine  
  77  5:07  Engineering Bay  
  77  5:08  Engineering Bay  
  77  5:11  Factory Tech Lab, SCV x2  
  74  5:23  Starport Reactor  
  74  5:25  SCV x2  
  74  5:27  Barracks, Marine  
  74  5:28  Orbital Command, Barracks  
  73  5:29  Siege Tank  
  73  5:32  Supply Depot  
  76  5:36  Supply Depot  
  76  5:37  SCV x2  
  78  5:43  Terran Infantry Weapons Level 1, Terran Infantry Armor Level 1  
  78  5:45  Marine  
  78  5:48  Marine x4  
  78  5:49  SCV  
  84  5:52  SCV  
  85  5:58  Supply Depot, SCV  
  85  6:01  SCV  
  85  6:03  Marine  
  85  6:04  SCV, Medivac x2  
  90  6:06  Combat Shield, Marine x3  
  90  6:10  Siege Tank, SCV  
  100  6:13  SCV  
  100  6:17  Supply Depot  
  100  6:18  Supply Depot  
  101  6:20  Barracks Reactor x2, SCV, Refinery  
  101  6:21  Marine  
  101  6:22  SCV  
  101  6:23  Marine x2  
  101  6:24  Marine  
  107  6:26  SCV  
  107  6:29  Marine  
  109  6:38  Supply Depot  
  109  6:39  Marine, SCV x3, Supply Depot  
  113  6:40  Medivac  
  113  6:41  Marine  
  113  6:43  Medivac  
  113  6:44  Siege Tank, Marine  
  122  6:48  Marine x2  
  122  6:51  SCV  
  122  6:53  Supply Depot  
  125  6:57  Marine  
  125  6:59  Marine  
  123  7:04  Marine  
  123  7:05  Marine x4  
  123  7:06  Marine x2  
  122  7:11  Supply Depot  
  122  7:12  Supply Depot, SCV x3  
  122  7:13  Armory  
  122  7:15  Marine  
  119  7:17  Marine  
  119  7:22  Marine x3  
  114  7:23  Marine x3  
  114  7:24  SCV x2  
  114  7:25  Marine  
  114  7:28  Siege Tank  
  119  7:33  Marine  
  119  7:35  Marine  
  121  7:40  Marine x4  
  121  7:41  Marine  
  121  7:42  Marine  
  122  7:44  Command Center  
  122  7:45  Refinery  
  122  7:47  Factory, Marine  
  122  7:51  Marine  
  124  7:53  Marine  
  124  7:58  Marine x3  
  126  7:59  Medivac x2  
  126  8:00  Siege Tank, Marine x3  
  126  8:02  SCV x2  
  126  8:03  SCV  
  126  8:05  Marine  
  142  8:08  Marine  
  142  8:10  Marine  
  142  8:11  Terran Infantry Weapons Level 2, Terran Infantry Armor Level 2  
  144  8:16  Marine  
  144  8:18  SCV x2  
  138  8:21  Marine x2, SCV  
  138  8:23  Marine x3  
  138  8:29  Marine x3  
  138  8:33  Factory Tech Lab, Marine  
  141  8:39  Marine x2  
  141  8:41  Marine x3  
  138  8:42  Siege Tank  
  138  8:43  Medivac x2  
  138  8:47  Marine x3  
  150  8:49  Terran Vehicle Weapons Level 1  
  150  8:51  Marine  
  150  8:53  Barracks x2  
  150  8:54  Barracks  
  151  8:57  Marine x2  
  151  8:58  Marine  
  151  8:59  Marine x2  
  151  9:00  Siege Tank  
  159  9:03  Sensor Tower  
  159  9:05  SCV x2  
  159  9:06  SCV  
  162  9:11  Marine x2  
  162  9:14  Siege Tank  
  142  9:17  SCV  
  142  9:18  SCV x2  
  140  9:30  Medivac, SCV x3  
  144  9:32  Siege Tank  
  144  9:33  Medivac  
  149  9:41  Planetary Fortress  
  149  9:42  SCV x2  
  140  9:47  Siege Tank  
  140  9:52  SCV  
  134  9:54  SCV  
  134  9:55  Marine x2  
  134  9:56  Marine x5  
  142  10:01  SCV  
  142  10:04  Siege Tank, SCV  
  142  10:06  SCV  
  148  10:07  Marine x3  
  148  10:12  Medivac x2  
  148  10:13  SCV  
  156  10:15  Marine x2  
  156  10:16  SCV  
  156  10:18  Marine  
  156  10:19  Siege Tank, Marine  
  156  10:20  Marine x2  
  166  10:22  SCV  
  166  10:28  Terran Infantry Weapons Level 3  
  167  10:29  Marine  
  167  10:30  Marine  
  167  10:34  Marine x4  
  172  10:39  Marine x5  
  177  10:43  SCV x3  
  177  10:44  SCV  
  180  10:51  Supply Depot x2  
  180  10:54  Siege Tank  
  180  10:55  SCV x2  
  185  10:57  Siege Tank  
  188  11:06  Marine x2  
  188  11:10  Marine x3  
  168  11:13  Marine x4  
  168  11:14  Marine x3  
  162  11:20  Liberator x2  
  162  11:24  Marine x2  
  167  11:28  Marine x3  
  167  11:31  Terran Infantry Armor Level 3, Marine x5  
  167  11:32  Marine x2  
  175  11:41  Marine  
  175  11:44  Terran Vehicle Weapons Level 2  
  174  11:48  Command Center  
  174  11:50  Ghost Academy  
  174  11:51  Siege Tank  
  172  11:57  Siege Tank  
  175  12:03  Medivac x2, Marauder  
  175  12:04  Barracks Tech Lab x2  
  175  12:06  Marine x4  
  185  12:10  Marine x3  
  187  12:19  Marine x2  
  188  12:23  Marauder x2  
  188  12:24  Command Center, Concussive Shells  
  188  12:25  Marauder, Refinery  
  192  12:30  Marine  
  192  12:33  Siege Tank, Sensor Tower, Medivac x2  
  199  13:01  Factory  
  199  13:02  Siege Tank  
  199  13:03  Marine x6  
  199  13:04  Orbital Command  
  200  13:17  Command Center  
  196  13:21  Siege Tank  
  191  13:35  Hi-Sec Auto Tracking, Marine  
  191  13:36  Marine x4  
  191  13:39  Siege Tank  
  191  13:40  Marine  
  200  13:50  Marine  
  200  13:54  Siege Tank  
  192  14:00  Marine x2  
  192  14:08  Neosteel Armor  
  180  14:11  Siege Tank, Marine x2  
  180  14:13  Marauder, Marine x2  
  180  14:14  Marine x2  
  155  14:17  Marine x2  
  155  14:18  Marine x2  
  155  14:20  Marine  
  155  14:22  Liberator x2  
  161  14:26  Siege Tank  
  161  14:28  Marine x2  
  161  14:29  Refinery  
  161  14:31  Marine x3  
  163  14:32  Marine  
  163  14:34  Marine  
  163  14:35  Marine x2  
  163  14:36  Marine x2  
  171  14:38  Marine  
  171  14:41  Orbital Command  
  171  14:43  Siege Tank  
  175  14:46  Marine x2  
  175  14:48  Marine  
  175  14:49  Marine x3  
  175  14:52  Marine  
  157  14:53  Marine x2  
  157  14:54  Marine x2  
  157  14:56  Marine  
  157  14:58  Siege Tank  
  163  15:04  Marine x2  
  163  15:06  Marine  
  166  15:07  Planetary Fortress, Marine  
  166  15:09  Marine x3  
  166  15:11  Marine  
  166  15:13  Marine  
  166  15:14  Marine  
  172  15:15  Siege Tank  
  172  15:16  Factory Tech Lab  
  172  15:19  Medivac  
  172  15:20  Medivac  
  177  15:23  Marine x2  
  176  15:30  Marine, Terran Vehicle Weapons Level 3  
  176  15:31  Siege Tank, Marine x3  
  181  15:41  Ghost  
  171  15:44  Ghost  
  171  15:48  Siege Tank, Marine x3  
  179  15:50  Marine x2  
  179  15:53  Marine x3  
  179  15:55  Marine  
  182  16:00  Marine  
  180  16:05  Siege Tank x2  
  180  16:06  Marine x2  
  185  16:14  Marine  
  185  16:16  Marauder  
  185  16:17  Marauder  
  192  16:18  Marauder  
  192  16:24  Barracks Tech Lab  
  139  16:34  Marine x2  
  139  16:36  Marine x2  
  139  16:37  Marine x3  
  139  16:38  Marauder x2, Widow Mine x2  
  139  16:39  Widow Mine, Drilling Claws  
  144  16:40  Marauder  
  144  16:42  Marine  
  145  16:50  Medivac x2  
  145  16:51  Marauder  
  145  16:52  Marine  
  152  16:59  Marauder x2, Widow Mine x2  
  152  17:00  Marine  
  163  17:01  Marauder  
  150  17:09  Siege Tank  
  150  17:13  Marine x2, Marauder  
  150  17:14  Marine x2  
  154  17:17  Marine x2  
  154  17:20  Siege Tank  
  154  17:21  Marauder x2  
  154  17:24  Widow Mine  
  154  17:25  Medivac x2  
  154  17:27  Marauder  
  154  17:28  Marine  
  154  17:29  Marine  
  161  17:34  Marauder  
  163  17:41  Widow Mine  
  163  17:42  Marauder  
  163  17:43  Marauder  
  169  17:46  Marine x2, Widow Mine  
  169  17:49  Marauder  
  175  17:53  Widow Mine  
  175  17:55  Medivac x2  
  175  17:56  Marauder  
  181  18:00  SCV x2  
  181  18:02  Ghost  
  181  18:03  Ghost, Widow Mine  
  181  18:05  SCV x2  
  189  18:09  Ghost  
  182  18:15  Orbital Command  
  182  18:16  Ghost  
  184  18:24  Widow Mine x2  
  152  18:28  Marine x2  
  152  18:31  Marine  
  152  18:32  Marauder x2, Marine x2  
  152  18:33  Widow Mine, Medivac x2  
  151  18:39  Marauder  
  137  18:46  Marauder, Marine  
  122  18:53  Marauder  
  110  18:59  Marine, Marauder  
  110  19:00  Marauder  
  110  19:05  Marine  
  110  19:07  Marine  
  91  19:12  Orbital Command  
  91  19:14  Orbital Command  
  86  19:19  Orbital Command, Marauder  
  86  19:22  Marine  
  82  19:27  Marine  
  83  19:31  Marine  
  83  19:33  Orbital Command  
  83  19:36  Marine  
  79  19:44  Marine  
  80  19:46  Marine x2  
  80  19:50  Orbital Command  
  82  19:55  SCV  
  82  19:56  SCV  
  84  20:01  Medivac  
  84  20:06  Marauder x2  
  88  20:13  Medivac  
  90  20:19  Marauder  
  92  20:22  Marauder  
  92  20:25  Marine x2  
  96  20:31  Marine x2  
  96  20:36  Marauder  
  96  20:37  Marine x3  
  96  20:38  Marine x2  
  96  20:42  Marine x3  
  91  20:45  Medivac x2  
  91  20:47  Widow Mine x2  
  91  20:53  Marine x3  
  91  20:54  Marine  
  91  20:56  Marine  
  95  20:57  Marauder x2  
  95  20:59  Orbital Command  
  95  21:00  Marine x2  
  95  21:01  Marauder  
  101  21:06  Marauder  
  103  21:14  Missile Turret  
  103  21:15  Medivac x2, Marine  
  103  21:17  Marine  
  103  21:18  Marauder, Marine  
  112  21:19  Marauder  
  112  21:21  Marine x2  
  112  21:24  Marauder  
  118  21:31  Marauder  
  115  21:32  Marine  
  115  21:33  Marine  
  117  21:40  Marauder  
  117  21:41  Marauder  
  117  21:43  Marine  
  117  21:46  Medivac  
  122  21:53  Marine x2  
  124  21:59  Orbital Command  
  124  22:00  Marine  
  126  22:01  Marauder  
  126  22:05  Marine  
  126  22:08  Marine  
  125  22:11  SCV x2  
  130  22:15  SCV  
  130  22:19  Medivac  
  130  22:22  SCV  
  132  22:40  Marauder x2  
  132  22:42  Marine  
  141  22:51  Widow Mine x2, Medivac  
  141  22:55  Marauder  
  136  23:10  Marauder  
  98  23:21  Marauder  
  98  23:23  Marine  
  98  23:24  Marine  
  98  23:25  Marine x2  
  103  23:28  Marine  
  103  23:31  Medivac  
  105  23:35  Marine x3  
  105  23:36  Marine x3  
  109  23:41  Marine  
  109  23:43  Marine  
  109  23:44  Marine x2  
  109  23:48  Marine  
  112  23:49  Marine  
  112  23:54  Marine  
  85  23:59  Marine x2  
  85  24:00  Marine  
  81  24:03  Marine  
  81  24:05  Marine  
Show
View Real Time Build Order
Export as new Build Order

Elazer Zerg - Winner!

Build Orders: Hatch First 

Get SALT Encoding   

  12  0:00  Drone  
  13  0:12  Overlord  
  13  0:16  Drone  
  14  0:30  Drone x2  
  16  0:47  Hatchery  
  15  0:50  Drone  
  15  0:54  Drone  
  18  0:57  Drone  
  18  1:07  Extractor  
  17  1:12  Spawning Pool  
  17  1:15  Drone  
  17  1:18  Drone  
  18  1:27  Drone  
  19  1:38  Drone  
  20  1:48  Drone  
  21  1:59  Queen x2  
  21  2:00  Zergling x4  
  27  2:10  Drone  
  27  2:11  Overlord  
  27  2:12  Metabolic Boost  
  28  2:28  Hatchery  
  27  2:30  Drone  
  27  2:33  Drone  
  27  2:35  Drone  
  30  2:38  Drone  
  30  2:43  Queen  
  33  2:48  Overlord  
  33  2:51  Drone  
  33  2:53  Drone  
  33  2:56  Drone  
  36  3:04  Overlord  
  36  3:07  Drone x3  
  36  3:09  Drone  
  40  3:13  Queen  
  40  3:19  Queen  
  46  3:27  Drone x2  
  46  3:28  Zergling x4  
  48  3:35  Drone  
  48  3:38  Overlord  
  48  3:41  Drone x4  
  53  3:43  Queen  
  55  3:50  Queen  
  55  3:52  Drone  
  55  3:54  Overlord  
  58  3:59  Drone x4  
  62  4:03  Drone x3  
  65  4:12  Drone x4  
  65  4:13  Overlord  
  65  4:16  Drone  
  70  4:19  Queen  
  70  4:22  Drone x2  
  74  4:25  Lair  
  74  4:31  Queen  
  76  4:33  Zergling x2  
  76  4:34  Zergling x8  
  81  4:40  Extractor  
  81  4:42  Baneling Nest, Overlord  
  81  4:43  Drone x3  
  82  4:48  Spore Crawler  
  82  4:49  Spore Crawler  
  82  4:50  Drone x2  
  82  4:57  Spore Crawler, Overlord  
  81  5:03  Zergling x4  
  82  5:09  Drone x10  
  89  5:15  Drone  
  88  5:24  Drone x3  
  88  5:27  Extractor  
  88  5:28  Extractor x2  
  89  5:30  Hydralisk Den  
  89  5:32  Drone x2  
  89  5:34  Overlord  
  89  5:40  Drone x3  
  89  5:41  Hatchery  
  89  5:42  Overlord  
  91  5:47  Overlord  
  91  5:49  Hatchery  
  90  5:52  Drone x4  
  90  5:56  Overlord  
  94  5:59  Evolution Chamber  
  94  6:00  Evolution Chamber  
  94  6:03  Grooved Spines  
  94  6:04  Hydralisk x4  
  100  6:12  Hydralisk x3  
  106  6:18  Overlord  
  106  6:19  Hydralisk  
  106  6:20  Hydralisk  
  106  6:24  Hydralisk  
  111  6:27  Hydralisk  
  113  6:33  Zergling x18  
  113  6:39  Hydralisk x2  
  126  6:46  Zergling x4  
  128  6:52  Zergling x2  
  128  6:56  Overlord  
  128  7:00  Zergling x12  
  128  7:07  Zergling x12  
  126  7:08  Zerg Melee Weapons Level 1, Zerg Ground Armor Level 1  
  126  7:10  Muscular Augments, Centrifugal Hooks  
  122  7:17  Zergling x6  
  122  7:19  Burrow  
  122  7:22  Zergling x10  
  123  7:33  Zergling x12  
  122  7:39  Hydralisk x3  
  108  7:45  Hydralisk x4  
  114  7:51  Hydralisk x2  
  114  7:54  Hydralisk  
  114  7:55  Hydralisk  
  114  7:56  Zergling x2  
  123  8:06  Drone x5  
  127  8:16  Zergling x22  
  127  8:19  Zergling x4  
  134  8:24  Zergling x6  
  119  8:27  Zergling x6  
  119  8:31  Zergling x12  
  127  8:39  Zergling x6  
  127  8:43  Baneling x7  
  127  8:48  Baneling x5  
  127  8:50  Queen  
  127  8:52  Drone x6  
  127  8:53  Hydralisk x6  
  147  8:58  Hydralisk  
  147  8:59  Hydralisk x3  
  155  9:04  Zergling x4  
  157  9:11  Overlord x4  
  145  9:28  Baneling x13  
  145  9:29  Overlord x3  
  145  9:30  Zergling x18  
  154  9:35  Drone  
  154  9:36  Zergling x2  
  154  9:38  Zerg Ground Armor Level 2  
  156  9:39  Zergling x2  
  156  9:40  Zergling x8  
  154  9:50  Zergling x2  
  154  9:51  Zergling x16  
  157  9:59  Zergling x4  
  159  10:01  Hatchery  
  158  10:08  Baneling x3  
  158  10:09  Baneling x4  
  158  10:15  Extractor  
  158  10:16  Drone x3  
  158  10:17  Drone, Zerg Melee Weapons Level 2  
  158  10:20  Zergling x24, Infestation Pit  
  172  10:27  Zergling x6  
  174  10:33  Baneling x6, Hatchery  
  174  10:34  Baneling x4  
  169  10:36  Hydralisk x2  
  169  10:38  Hydralisk  
  175  10:44  Queen  
  175  10:47  Hydralisk x3  
  175  10:49  Overlord  
  183  11:00  Hive  
  183  11:01  Zergling x6  
  183  11:02  Zergling x12  
  171  11:12  Zergling x6  
  171  11:17  Zergling x14  
  174  11:20  Zergling x6  
  177  11:28  Zergling x16  
  177  11:29  Zergling x2  
  186  11:33  Overlord  
  186  11:36  Baneling x17  
  186  11:37  Zergling x2  
  181  11:44  Zergling x6  
  184  11:52  Zergling x2, Baneling x14  
  184  11:53  Zergling x10  
  190  11:54  Overlord  
  190  12:03  Zergling x4  
  190  12:04  Zergling x16  
  200  12:15  Adrenal Glands  
  200  12:16  Zerg Ground Armor Level 3  
  197  12:38  Baneling x14  
  197  12:39  Baneling x2  
  195  12:53  Spore Crawler x2  
  195  12:54  Extractor  
  195  12:55  Extractor, Spore Crawler, Drone x3  
  195  12:56  Drone x3  
  195  12:57  Drone x4  
  190  13:32  Viper x3  
  193  13:36  Spore Crawler  
  193  13:40  Zergling x24  
  191  14:01  Drone x3  
  191  14:02  Zergling x20  
  179  14:13  Zergling x52  
  158  14:28  Ultralisk Cavern  
  158  14:29  Hydralisk x6  
  149  14:34  Zerg Melee Weapons Level 3  
  149  14:38  Baneling x14  
  147  14:41  Zergling x4  
  147  14:42  Zergling x6  
  147  14:46  Baneling  
  147  14:49  Hydralisk x5  
  149  14:54  Zergling x2  
  144  15:02  Zergling x8  
  144  15:06  Zergling x14  
  154  15:13  Infestor x3  
  156  15:18  Zerg Missile Weapons Level 1  
  156  15:20  Zergling x14  
  156  15:21  Hatchery  
  162  15:25  Baneling x8  
  162  15:27  Zergling x8  
  165  15:30  Chitinous Plating  
  165  15:34  Ultralisk x3  
  176  15:46  Zergling x30  
  191  16:03  Zergling x14  
  197  16:11  Ultralisk  
  144  16:34  Zergling x18  
  144  16:39  Zergling x2  
  154  16:40  Zergling x4  
  154  16:46  Baneling x13  
  154  16:49  Anabolic Synthesis  
  154  16:53  Zergling x12  
  160  17:00  Hatchery  
  157  17:02  Zergling x10  
  148  17:12  Zergling x2  
  148  17:13  Zergling x8  
  144  17:21  Ultralisk x3  
  152  17:27  Zergling x6  
  153  17:38  Zergling x2  
  153  17:39  Zergling x16  
  153  17:40  Infestor  
  153  17:42  Infestor  
  160  17:46  Hydralisk x2  
  160  17:49  Baneling  
  160  17:50  Baneling x6  
  164  17:56  Zergling x10  
  166  18:07  Zergling x26  
  170  18:24  Zergling x18  
  176  18:27  Zergling x8  
  176  18:28  Zergling x10  
  176  18:33  Baneling x13  
  185  18:34  Zergling x6  
  176  18:44  Zergling x10  
  151  18:59  Overseer x6  
  151  19:02  Ultralisk  
  141  19:08  Zergling x10  
  120  19:32  Zergling x2  
  120  19:33  Zergling x28  
  124  19:40  Pneumatized Carapace  
  117  19:47  Ultralisk  
  123  19:57  Infestor  
  123  20:08  Hatchery  
  123  20:12  Zergling x16  
  123  20:13  Zergling x4  
  132  20:26  Hatchery  
  109  20:39  Zergling x10  
  98  20:45  Zergling x4  
  98  20:46  Infestor  
  99  20:57  Drone x3  
  99  21:01  Infestor  
  103  21:09  Infestor  
  103  21:10  Zergling x8  
  107  21:17  Zergling x10  
  111  21:28  Zergling x8  
  111  21:29  Zergling x4  
  112  21:35  Zergling x6  
  111  21:42  Zergling x8  
  110  21:52  Zergling x14  
  111  22:04  Hydralisk x5  
  117  22:11  Infestor x3  
  123  22:21  Hydralisk x4  
  130  22:29  Hydralisk  
  130  22:30  Hydralisk x3  
  130  22:34  Zergling x6  
  130  22:36  Baneling x4  
  140  22:41  Zergling x2  
  140  22:42  Zergling x8  
  145  22:50  Infestor x3  
  144  23:10  Zergling x32  
  137  23:27  Ultralisk x3  
  132  23:42  Zergling x22  
  143  23:54  Zergling x20  
  144  24:09  Overseer x2  
  138  24:23  Hatchery  
Tags
 
Add a new tag
Caveats
  • Supply blocks, unpowered buildings, or Contaminate may cause inaccurate times.
  • Supply counts are checked every 10 seconds.